 Dungeon Crawl Stone Soup version 0.31.0-32-g396128a36d (webtiles) character file.

Game seed: 9178763511834118838

338 tizbic2 the Chiller (level 6, -2/48 HPs)
             Began as a Demigod Wanderer on Mar 25, 2024.
             Slain by a gnoll
             ... wielding a +0 club
              (7 damage)
             ... on level 4 of the Dungeon.
             The game lasted 00:11:34 (3398 turns).

tizbic2 the Chiller (Demigod Wanderer)              Turns: 3398, Time: 00:11:35

Health: -2/48      AC:  6    Str: 22      XL:     6   Next: 7%
Magic:  11/11      EV: 10    Int: 15 (16) God:
Gold:   107        SH:  0    Dex: 10      Spells: 6/8 levels left

rFire   . . .        j - +2 flail (protect)
rCold   . . .        (no shield)
rNeg    . . .        a - +0 ring mail
rPois   .            (no helmet)
rElec   .            (no cloak)
rCorr   .            n - +0 pair of gloves
SInv    .            (no boots)
Will    .....        (no amulet)
Stlth   +            (no ring)
HPRegen 0.28/turn    (no ring)
MPRegen 0.12/turn

%: no passive effects
@: no status effects
A: high MP 1, forlorn, divine attributes
a: no special abilities


You were on level 4 of the Dungeon.
You visited 1 branch of the dungeon, and saw 4 of its levels.

You collected 107 gold pieces.

Inventory:

Hand Weapons
 j - a +2 flail of protection (weapon)
 q - a +1 sling of electrocution
Missiles
 b - 12 poisoned darts
 h - 2 javelins
Armour
 a - a +0 ring mail (worn)
 d - a +0 robe
 e - a +0 scale mail
 n - a +0 pair of gloves (worn)
Magical Staves
 i - a staff of earth
 k - a staff of conjuration
Scrolls
 f - a scroll of amnesia {unknown}
 m - 3 scrolls of enchant weapon
Potions
 c - 3 potions of brilliance
 l - a potion of invisibility {unknown}
 o - a potion of enlightenment {unknown}
 p - a potion of might {unknown}


   Skills:
 + Level 2.1 Fighting
 - Level 1.0 Throwing
 * Level 2.7 Armour
 - Level 1.0 Stealth
 + Level 1.9 Spellcasting
 - Level 1.7 Conjurations
 * Level 2.3 Summonings
 * Level 3.1 Ice Magic
 + Level 2.1 Evocations


You had 6 spell levels left.
You knew the following spells:

 Your Spells              Type           Power      Damage    Failure   Level
a - Sting                 Conj/Alch      16%        1d4       24%         1
b - Freeze                Ice            44%        1d6       10%         1

Your spell library contained the following spells:

 Spells                   Type           Power      Damage    Failure   Level
 Kiss of Death            Conj/Necr      16%        2d6       24%         1
 Summon Ice Beast         Ice/Summ       9%         N/A       32%         3
 Momentum Strike          Conj/Tloc      8%         3d8       36%         2
 Gell's Gravitas          Tloc           1%         N/A       71%         3
 Teleport Other           Tloc           1%         N/A       71%         3
 Dispersal                Tloc           0%         N/A       100%        6


Dungeon Overview and Level Annotations

Branches:
Dungeon (4/15)
 Temple: D:4-7

Annotations:
D:4 Natasha


Innate Abilities, Weirdness & Mutations

You have an increased reservoir of magic. (+10% MP)
You shall have no god before yourself.
Your divine heritage dramatically boosts your attributes as you level up.


Message History

Your weapon exudes an aura of protection.
The gnoll is lightly wounded.
The gnoll hits you but does no damage.
The cerulean imp hits you but does no damage.
You closely miss the gnoll.
The gnoll is lightly wounded.
The cerulean imp disappears in a puff of smoke!
The gnoll hits you but does no damage.
The cerulean imp hits you but does no damage.
The gnoll hits you with a +0 club.
You barely miss the gnoll.
The gnoll is lightly wounded.
Natasha extends her claws.
The cerulean imp closely misses you. The gnoll hits you but does no damage.
You closely miss the gnoll.
The gnoll is lightly wounded.
The cerulean imp hits you but does no damage.
The gnoll hits you with a +0 club.
* * * LOW HITPOINT WARNING * * *
The cerulean imp hits you but does no damage.
Natasha wildly gestures.
You feel disoriented.
Natasha mumbles some strange words.
Found 9 stones.
The gnoll attacks as it pursues you! The gnoll hits you with a +0 club.
* * * LOW HITPOINT WARNING * * *
Natasha casts a spell.
You barely miss the gnoll.
The gnoll is lightly wounded.
The gnoll hits you with a +0 club.
* * * LOW HITPOINT WARNING * * *
The cerulean imp hits you from afar with a +0 spear.
* * * LOW HITPOINT WARNING * * *
Natasha wildly gestures.
You feel troubled. The gnoll closely misses you.
The gnoll attacks as it pursues you! The gnoll barely misses you.
It was a potion of magic.
Magic courses through your body. The cerulean imp barely misses you.
The gnoll hits you with a +0 club!
You die...

..... ..... #...#
####...###+####
#.........(...........
#....................
#...................
#......@...........# ##
#.....g##....##....##...
#.....5########.........
#........o...##....# ...
########..$..##h5..##....# ...
##.......#######......†...# ...
#.....<..)...........<....# ...
#...............h.........##...
#............................<.


You could see a gnoll and a cerulean imp (summoned).

Vanquished Creatures
  A bullfrog (D:4)
  A hound (D:4)
  An orc priest (D:3)
  Terence (D:2)
  3 gnolls
  7 adders
  A dart slug (D:2)
  A ribbon worm (D:3)
  8 orcs (D:3)
  6 endoplasms
  2 giant cockroaches
  6 goblins
  3 hobgoblins
  16 jackals
  A quokka (D:1)
  4 ball pythons
  8 bats
  8 frilled lizards
  6 kobolds
  8 rats
92 creatures vanquished.

Notes
Turn   | Place    | Note
-------+----------+-------------------------------------------
     0 | D:1      | tizbic2 the Demigod Wanderer began the quest for the Orb.
     0 | D:1      | tizbic2 set off with the following items: a +0 dagger, 8
                  | poisoned darts, a potion of brilliance, a +0 robe; and the
                  | following spells available to memorise: Freeze, Kiss of
                  | Death, Sting, Momentum Strike, Summon Ice Beast.
     0 | D:1      | Reached XP level 1. HP: 16/16 MP: 4/4
     2 | D:1      | Learned a level 1 spell: Sting
   229 | D:1      | Reached skill level 2 in Ice Magic
   229 | D:1      | Reached XP level 2. HP: 16/23 MP: 5/5
  1008 | D:1      | Learned a level 1 spell: Freeze
  1343 | D:2      | Reached skill level 1 in Summonings
  1343 | D:2      | Reached XP level 3. HP: 21/28 MP: 7/7
  1628 | D:2      | Noticed Terence
  1640 | D:2      | Killed Terence
  1968 | D:2      | Reached XP level 4. HP: 25/35 MP: 8/8
  2635 | D:3      | Reached XP level 5. HP: 23/41 MP: 10/10
  3343 | D:4      | Reached skill level 3 in Ice Magic
  3372 | D:4      | Reached XP level 6. HP: 48/48 MP: 6/11
  3376 | D:4      | Noticed Natasha
  3398 | D:4      | Slain by a gnoll

Illustrated notes

Levels and vault maps discovered:
D:1:      dpeg_arrival_rooms_c, layout_loops_ring,
          shapermc_ecumenical_altar_mp_highgroup, kennysheep_nondescript,
          due_unseen_surprise
D:2:      layout_basic, uniq_terence
D:3:      layout_loops_ring, hellmonk_overflow_destroyed_library,
          worldfamousw_hep_ancestral_shrine
D:4:      layout_gridville, lemuel_tele_altar, uniq_ijyb, uniq_natasha

Skill      XL: |  1  2  3  4  5 |
---------------+----------------+-----
Ice Magic      | 2 3 |  3.1
Summonings     | 1 2 |  2.3
Armour         | 2 |  2.7
Evocations     | 2 |  2.1
Fighting       | 2 |  2.1
Throwing       | |  1.0
Stealth        | |  1.0
Spellcasting   | |  1.9
Conjurations   | |  1.7

Action                     |  1- 3 |  4- 6 || total
---------------------------+-------+-------++-------
  Melee: Dagger            |   112 |       ||   112
         Punch             |     3 |     1 ||     4
         Staff             |   113 |       ||   113
         Flail             |    16 |   122 ||   138
   Fire: Sling             |       |    39 ||    39
  Throw: Dart              |    32 |    21 ||    53
   Cast: Sting             |     5 |     3 ||     8
    Use: Scroll            |     3 |       ||     3
         Potion            |       |     2 ||     2
 Armour: Scale mail        |   125 |       ||   125
         Ring mail         |    84 |   152 ||   236
  Dodge: Dodged            |   158 |   110 ||   268
